Map: [ESL] Hard Lead

Players

GogojOey

  • Race: Zerg Zerg
  • Spawn Location: 5:00

Oriana - Winner!

  • Race: Terran Terran
  • Spawn Location: 11:00

Event: ESL SC2 Masters 2023 Winter (Regional)

VOD

Have the link to the VOD?

Description

Time

  • Played on: Oct. 29, 2023, 7:43 a.m.
  • Length: 13:15

All games in this series

Show
View Real Time Build Order
Export as new Build Order

GogojOey Zerg 

Build Orders: Hatch First 

Get SALT Encoding   

  12  0:00  Drone  
  13  0:12  Overlord  
  13  0:17  Drone  
  14  0:30  Drone x2  
  16  0:48  Hatchery  
  15  0:51  Drone  
  15  0:54  Drone  
  17  0:57  Drone  
  18  1:08  Extractor  
  17  1:12  Spawning Pool  
  17  1:15  Drone  
  17  1:19  Drone  
  18  1:28  Drone  
  19  1:38  Drone  
  20  1:50  Drone  
  21  2:00  Zergling x2, Queen x2  
  21  2:01  Zergling x2  
  27  2:10  Overlord  
  27  2:19  Hatchery  
  27  2:22  Drone  
  27  2:24  Drone  
  27  2:40  Queen  
  27  2:41  Drone  
  27  2:42  Overlord  
  30  2:44  Drone  
  30  2:50  Drone  
  30  2:51  Drone  
  33  2:53  Metabolic Boost  
  33  2:55  Drone  
  33  2:57  Drone  
  35  3:04  Queen  
  37  3:09  Drone x2  
  39  3:17  Drone  
  40  3:20  Overlord  
  40  3:21  Drone x2  
  40  3:23  Drone  
  40  3:27  Roach Warren  
  42  3:30  Drone  
  42  3:32  Drone  
  44  3:34  Drone  
  44  3:39  Extractor  
  44  3:40  Drone  
  45  3:42  Drone x2  
  45  3:45  Drone x2  
  45  3:48  Overlord  
  49  3:50  Spore Crawler  
  49  3:52  Overlord  
  49  4:03  Overlord  
  49  4:06  Roach  
  49  4:07  Roach x3  
  49  4:09  Zergling x4  
  59  4:13  Drone x3  
  59  4:14  Drone  
  63  4:19  Queen  
  63  4:20  Drone x2  
  63  4:21  Drone  
  68  4:25  Drone  
  68  4:26  Drone  
  68  4:29  Lair  
  70  4:32  Drone x2  
  72  4:40  Drone  
  72  4:42  Overlord  
  72  4:43  Drone  
  72  4:45  Drone x2  
  76  4:46  Drone x2  
  76  4:51  Baneling Nest  
  77  4:55  Drone x4  
  77  4:56  Spore Crawler  
  80  5:01  Spore Crawler  
  80  5:03  Roach  
  80  5:04  Roach  
  80  5:05  Spore Crawler  
  82  5:11  Overlord  
  82  5:12  Drone x4  
  82  5:13  Drone  
  87  5:15  Extractor  
  87  5:16  Extractor  
  87  5:19  Drone  
  87  5:20  Drone x2  
  87  5:23  Extractor  
  87  5:24  Drone  
  87  5:25  Drone x2  
  87  5:26  Extractor  
  87  5:27  Hatchery  
  87  5:29  Drone x3  
  87  5:32  Drone x2  
  87  5:33  Overlord  
  92  5:42  Spore Crawler  
  91  5:43  Spore Crawler  
  91  5:45  Overseer  
  91  5:49  Spire  
  88  5:51  Centrifugal Hooks  
  87  6:05  Drone  
  87  6:07  Drone, Evolution Chamber  
  87  6:09  Drone  
  87  6:10  Evolution Chamber  
  88  6:12  Drone x8  
  88  6:14  Overlord  
  88  6:15  Overlord  
  88  6:16  Zergling x2  
  88  6:17  Zergling x8  
  101  6:19  Queen  
  101  6:23  Zergling x4  
  105  6:31  Overlord x4  
  105  6:42  Zerg Melee Weapons Level 1, Zerg Ground Armor Level 1  
  105  6:52  Overseer  
  105  7:00  Mutalisk x7  
  119  7:03  Zergling x20  
  119  7:06  Drone x2  
  129  7:09  Drone x3, Extractor  
  129  7:13  Baneling  
  129  7:14  Baneling x4  
  131  7:16  Drone x4  
  131  7:20  Hatchery  
  131  7:21  Drone x3  
  137  7:29  Zergling x8  
  141  7:30  Baneling  
  141  7:31  Baneling x7  
  141  7:35  Overlord x3  
  141  7:36  Drone x2  
  143  7:40  Zergling x8, Extractor  
  142  7:47  Zergling x4  
  143  7:54  Drone, Overlord  
  143  7:58  Mutalisk x6  
  148  8:11  Drone x7  
  148  8:17  Mutalisk x2  
  148  8:19  Zerg Flyer Weapons Level 1  
  145  8:20  Queen  
  145  8:22  Hatchery  
  145  8:23  Drone x2  
  148  8:29  Mutalisk x5  
  158  8:35  Zergling x12  
  158  8:36  Overseer  
  158  8:40  Pneumatized Carapace  
  164  8:42  Queen  
  164  8:44  Zergling x8  
  170  8:52  Zergling x2, Baneling x3  
  170  8:53  Zergling x10  
  174  8:58  Zergling x14  
  174  8:59  Zergling x2  
  172  9:05  Mutalisk x4  
  172  9:07  Zergling x2  
  179  9:12  Baneling x11  
  175  9:20  Zergling x18  
  177  9:25  Zergling x2  
  177  9:26  Zergling x10  
  177  9:30  Zerg Ground Armor Level 2  
  179  9:31  Zerg Melee Weapons Level 2  
  179  9:35  Zergling x2  
  179  9:36  Zergling x6  
  179  9:37  Drone  
  182  9:38  Drone x2  
  180  9:46  Zergling x8  
  173  9:59  Mutalisk x3  
  145  10:00  Mutalisk x4  
  145  10:02  Zergling x16  
  145  10:04  Zergling x2  
  145  10:05  Zergling x4, Baneling x2  
  164  10:11  Mutalisk x2  
  159  10:19  Zergling x8  
  159  10:20  Queen  
  157  10:25  Mutalisk x3  
  157  10:26  Zergling x6  
  156  10:28  Baneling x2  
  156  10:30  Zergling x10  
  156  10:35  Zergling x2  
  148  10:48  Mutalisk x4  
  145  10:50  Zergling x8, Queen  
  145  10:54  Baneling  
  145  10:55  Baneling x6  
  146  10:58  Zergling x14  
  146  11:02  Mutalisk  
  145  11:04  Hatchery  
  145  11:11  Drone x3  
  142  11:14  Mutalisk  
  143  11:19  Zergling x6  
  143  11:25  Mutalisk  
  134  11:30  Mutalisk x3  
  134  11:32  Baneling x4  
  132  11:33  Zergling x10  
  132  11:36  Zergling x2  
  132  11:39  Baneling x4  
  135  11:46  Zergling x8  
  138  11:49  Baneling x6  
  138  11:55  Zergling x6  
  138  12:01  Mutalisk x2, Hatchery  
  142  12:11  Mutalisk x2  
  146  12:17  Mutalisk  
  146  12:20  Queen  
  144  12:27  Mutalisk  
  145  12:30  Zergling x26  
  147  12:43  Mutalisk x2  
  147  12:44  Mutalisk  
  140  12:46  Zergling x14  
  128  12:56  Zergling x10  
Show
View Real Time Build Order
Export as new Build Order

Oriana Terran - Winner!

Build Orders: Reaper Expand, Hellion Banshee 

Get SALT Encoding   

  12  0:00  SCV  
  13  0:12  SCV  
  14  0:17  Supply Depot  
  14  0:24  SCV  
  15  0:38  SCV  
  15  0:40  Barracks  
  16  0:43  Refinery  
  16  0:50  SCV  
  17  1:03  SCV  
  18  1:15  SCV  
  19  1:27  Orbital Command, Reaper  
  20  1:39  Command Center  
  20  1:46  Supply Depot  
  20  1:52  SCV  
  21  1:59  Marine  
  22  2:04  SCV  
  23  2:10  Factory  
  23  2:17  SCV  
  23  2:19  Barracks Reactor  
  24  2:29  SCV  
  25  2:41  SCV  
  25  2:42  Command Center  
  26  2:51  Orbital Command  
  26  2:53  SCV  
  27  2:58  Starport  
  27  3:05  SCV  
  28  3:06  Refinery  
  32  3:12  Hellion  
  32  3:13  Hellion  
  32  3:14  Barracks Tech Lab  
  32  3:17  SCV  
  32  3:19  SCV  
  34  3:31  SCV x2  
  36  3:35  Hellion x2  
  40  3:41  Banshee  
  40  3:45  SCV x2  
  45  3:56  Orbital Command  
  45  3:57  SCV x2  
  45  3:58  Hellion  
  45  3:59  Hellion  
  45  4:01  Cloaking Field  
  51  4:09  SCV x2, Supply Depot  
  53  4:13  Marine  
  54  4:21  SCV x2  
  54  4:23  Orbital Command  
  56  4:25  Banshee  
  59  4:33  SCV x2, Supply Depot  
  59  4:34  Barracks Tech Lab  
  59  4:37  Barracks  
  61  4:40  Barracks, Factory Reactor  
  61  4:44  Refinery x2  
  61  4:45  Bunker, SCV x2  
  63  4:54  Stimpack, Marine, Engineering Bay  
  63  4:55  Engineering Bay  
  63  4:56  SCV  
  65  5:01  Supply Depot  
  65  5:02  SCV x2  
  67  5:08  SCV  
  67  5:14  SCV x2  
  67  5:18  Marine  
  67  5:20  SCV  
  71  5:24  Supply Depot  
  71  5:25  Terran Infantry Weapons Level 1, Terran Infantry Armor Level 1  
  71  5:31  SCV  
  71  5:32  Barracks, SCV  
  71  5:33  SCV  
  71  5:34  Barracks  
  71  5:35  Starport Reactor, Supply Depot, Marine x4  
  77  5:37  Marine  
  77  5:38  Siege Tank  
  82  5:46  SCV x3  
  85  5:51  Supply Depot  
  85  5:58  SCV x3  
  85  6:02  Marine x3  
  85  6:03  Marine  
  92  6:05  Marine  
  92  6:07  Supply Depot  
  92  6:09  Supply Depot  
  92  6:10  SCV x2  
  92  6:11  SCV  
  96  6:12  Siege Tank  
  99  6:19  Medivac x2  
  99  6:21  Barracks Reactor x2  
  99  6:22  Marine x3  
  99  6:23  Marine  
  99  6:25  SCV x2  
  109  6:28  SCV, Refinery x2  
  109  6:29  Supply Depot  
  109  6:30  Marine  
  109  6:31  Supply Depot  
  111  6:34  Combat Shield  
  111  6:38  SCV x2  
  111  6:39  Armory  
  113  6:40  SCV  
  113  6:41  Marine x3  
  113  6:44  Marine  
  118  6:49  Marine  
  118  6:50  Siege Tank  
  118  6:52  Supply Depot  
  122  6:57  SCV x3  
  122  6:59  Marine x6  
  122  7:00  Marine  
  132  7:02  Supply Depot  
  132  7:07  Factory  
  132  7:19  Marine x6  
  132  7:20  Marine x2  
  140  7:23  Command Center  
  140  7:26  Siege Tank  
  140  7:28  Terran Infantry Weapons Level 2, Terran Infantry Armor Level 2  
  143  7:34  Marine  
  144  7:37  Marine x2  
  144  7:40  Supply Depot  
  144  7:46  Marine x4  
  144  7:50  Marine x2  
  150  7:52  Marine  
  150  7:53  Factory Tech Lab  
  150  7:55  SCV x3, Marine  
  150  7:56  Marine  
  156  8:03  Marine x2  
  156  8:04  Missile Turret, Marine x2  
  146  8:06  Missile Turret  
  146  8:07  SCV  
  146  8:08  Marine x2  
  146  8:09  Marine  
  146  8:11  Missile Turret  
  135  8:15  Marine x2  
  135  8:16  Siege Tank x2  
  139  8:21  Marine  
  139  8:22  Marine x3  
  139  8:25  Marine x2  
  145  8:27  Marine, Medivac x2  
  145  8:29  SCV x3  
  145  8:31  Terran Vehicle Weapons Level 1  
  153  8:35  Marine x2  
  153  8:39  Marine  
  153  8:40  Marine x3  
  159  8:43  Marine  
  160  8:53  Supply Depot  
  157  8:57  Marine x4  
  157  8:58  Marine  
  157  9:01  Siege Tank x2  
  152  9:03  Medivac x2  
  152  9:09  SCV x2  
  155  9:15  Barracks  
  155  9:16  Marine  
  155  9:17  Barracks, Marine x4  
  156  9:18  Barracks  
  156  9:22  Marine x3  
  161  9:27  SCV x3  
  161  9:28  Marine  
  163  9:34  Marine x3  
  163  9:35  Marine  
  163  9:36  Siege Tank x2  
  171  9:40  SCV  
  171  9:41  SCV x2  
  171  9:42  Marine x2  
  176  9:46  Planetary Fortress  
  176  9:57  Missile Turret  
  148  10:00  Marine x3  
  148  10:01  Marine x5  
  148  10:05  SCV x3  
  156  10:12  Marine x2  
  156  10:13  Marine  
  156  10:14  Siege Tank x2, Marine  
  155  10:17  Marine, SCV x2  
  155  10:20  Terran Infantry Weapons Level 3  
  150  10:22  Marine x2  
  150  10:23  Marine x2  
  150  10:25  Medivac  
  154  10:30  Marine x3  
  154  10:32  SCV x3  
  149  10:43  Marine x7  
  149  10:44  Marine  
  149  10:50  SCV x3  
  149  10:51  SCV  
  149  10:54  Marine x2  
  149  10:55  Marine x2  
  149  10:56  Siege Tank  
  160  11:01  Marine x4  
  164  11:06  Marine x4  
  164  11:10  Siege Tank, Medivac x2  
  175  11:12  Marine x4  
  175  11:17  Command Center  
  176  11:19  Marine x2  
  175  11:26  Marine  
  175  11:27  Marine x3  
  175  11:32  Barracks Tech Lab x2  
  173  11:33  Marine x2  
  173  11:38  Marine x3  
  178  11:40  Siege Tank  
  178  11:45  Siege Tank, Marine  
  178  11:46  Medivac  
  187  11:51  Marine  
  187  11:54  Marine  
  187  11:58  Marine  
  188  12:04  Supply Depot x2  
  188  12:08  Barracks Tech Lab  
  188  12:14  Marine x2  
  188  12:23  Marine  
  188  12:24  Marine  
  188  12:25  Siege Tank, Marine  
  188  12:26  Marauder x3, Medivac  
  188  12:27  Medivac  
  194  12:35  Marine  
  194  12:36  Command Center, Marine x3  
  194  12:37  Siege Tank, Command Center  
  188  12:41  Missile Turret  
  188  12:43  Missile Turret  
  186  12:47  Marauder  
  168  12:52  Marine x4  
  180  12:59  Refinery  
  180  13:00  Refinery  
Tags
 
Add a new tag
Caveats
  • Supply blocks, unpowered buildings, or Contaminate may cause inaccurate times.
  • Supply counts are checked every 10 seconds.